 Dungeon Crawl Stone Soup version 0.27-a0-1319-geec4fb4e21 (webtiles) character file.

Game seed: 14812407162389096148

354 pokeman the Magician (level 6, -7/34 HPs)
             Began as a Deep Elf Hedge Wizard on June 21, 2021.
             Killed from afar by a white imp (8 damage)
             ... with a puff of frost
             ... summoned by Natasha
             ... on level 4 of the Dungeon.
             The game lasted 00:08:32 (5365 turns).

pokeman the Magician (Deep Elf Hedge Wizard)        Turns: 5365, Time: 00:08:33

Health: -7/34      AC:  4    Str:  7    XL:     6   Next: 35%
Magic:  2/18       EV: 12    Int: 21    God:
Gold:   86         SH:  0    Dex: 14    Spells: 8/19 levels left

rFire    + . .     SeeInvis .   e - staff of fire
rCold    . . .     Faith    .   (no shield)
rNeg     . . .     Spirit   .   h - +0 leather armour
rPois    .         Reflect  .   o - +1 hat
rElec    .         Harm     .   (no cloak)
rCorr    .         Rampage  .   (no gloves)
Will     .....                  (no boots)
Stlth    ++........             (no amulet)
HPRegen  0.11/turn              (no ring)
MPRegen  0.16/turn              (no ring)

@: slowed, very slow
A: no striking features
a: no special abilities


You were on level 4 of the Dungeon.
You visited 1 branch of the dungeon, and saw 4 of its levels.

You collected 86 gold pieces.

Inventory:

Missiles
 d - 45 arrows
Armour
 h - a +0 leather armour (worn)
 o - a +1 hat (worn)
Magical Staves
 e - a staff of fire (weapon)
Scrolls
 c - a scroll of torment {unknown}
 f - 5 scrolls of teleportation {unknown}
 g - a scroll of fear {unknown}
 i - a scroll of summoning {unknown}
 j - 2 scrolls of identify {unknown}
 p - 2 scrolls of blinking {unknown}
 q - a scroll of enchant weapon {unknown}
Potions
 a - a potion of degeneration {unknown}
 b - a potion of flight {unknown}
 k - a potion of might {unknown}
 l - a potion of brilliance {unknown}
 m - a potion of haste {unknown}
 n - 2 potions of heal wounds {unknown}


   Skills:
 + Level 1.0 Fighting
 - Level 1.0 Armour
 - Level 3.0 Dodging
 - Level 3.0 Stealth
 * Level 7.0 Spellcasting
 + Level 3.1 Conjurations
 - Level 1.1 Summonings
 - Level 1.1 Translocations
 + Level 1.2 Fire Magic
 - Level 1.0 Air Magic
 - Level 1.1 Poison Magic
 - Level 1.0 Evocations


You had 8 spell levels left.
You knew the following spells:

 Your Spells              Type           Power      Damage    Failure   Level
a - Magic Dart            Conj           80%        1d7       3%          1
b - Mephitic Cloud        Conj/Pois/Air  14%        N/A       19%         3
c - Call Imp              Summ           12%        N/A       12%         2
d - Blink                 Tloc           N/A        N/A       12%         2
e - Conjure Flame         Conj/Fire      25%        6-21      16%         3

Your spell library contained the following spells:

 Spells                   Type           Power      Damage    Failure   Level
 Summon Small Mammal      Summ           48%        N/A       9%          1
 Animate Skeleton         Necr           14%        N/A       13%         1
 Pain                     Necr           28%        1d5       13%         1
 Slow                     Hex            7%         N/A       19%         2
 Call Canine Familiar     Summ           12%        N/A       24%         3
 Summon Guardian Golem    Hex/Summ       9%         N/A       30%         3
 Vampiric Draining        Necr           3%         2d6       36%         3
 Summon Lightning Spire   Summ/Air       11%        N/A       63%         4
 Summon Ice Beast         Ice/Summ       9%         N/A       71%         4
 Animate Dead             Necr           3%         N/A       77%         4
 Agony                    Necr           7%         N/A       98%         5


Dungeon Overview and Level Annotations

Branches:
Dungeon (4/15)
 Temple: D:4-7

Altars:
Makhleb

Shops:
D:2 (

Annotations:
D:4 Grinder, Natasha, Pikel


Message History

The magic dart hits Grinder.
Grinder is severely wounded.
Grinder gestures at you.
You struggle to resist.
Grinder blinks!
Natasha, Servant of Life and Death comes into view.
Natasha hisses angrily.
Natasha moves out of view.
Natasha claws you.
Natasha casts a spell.
Found a stone staircase leading down.
Natasha claws you.
Casting: Magic Dart (safe; 3% risk of failure)
Confirm with . or Enter, or press ? or * to list all spells.
A beastly little devil appears in a puff of frigid air.
Natasha stares at you and mumbles some strange words.
You feel yourself slow down.
The white imp shouts, "Flee, thou sickly sow-suckled clack-dish!"
Unknown command.
You swap places.
Natasha closely misses your white imp. Natasha barely misses your white imp.
You hit the white imp but do no damage. Natasha claws your white imp.
Your white imp hits the white imp.
Your white imp freezes the white imp.
The white imp resists.
The white imp gestures at you. The puff of frost hits you!
* * * LOW HITPOINT WARNING * * *
Natasha misses your white imp.
You hit the white imp.
The white imp is severely wounded.
Your white imp gestures at the white imp.
The puff of frost misses the white imp.
The white imp gestures at you. The puff of frost hits you.
* * * LOW HITPOINT WARNING * * *
Natasha claws your white imp!
Your white imp dies!
The white imp gestures at you. The puff of frost hits you!
You die...

...................####
.............####......
.......................
........########.......
..#####.## #.......
####..# ##..####
#.....#.# ##.# #
#####5#h##### #.# ##
#@......#####.###.
#####.###...........
...$.....5..........
...............<....
##.........(#######.
#.....<....# ##
#.........!# #####
#..........# #....
#..........# #....


You could see Natasha and a white imp (summoned).

Vanquished Creatures
  Edmund (D:4)
  A water moccasin skeleton (D:4)
  A centaur skeleton (D:4)
  3 adders
  2 dart slugs
  8 orcs
  A bat zombie (D:1)
  7 endoplasms
  8 giant cockroaches
  7 goblins
  4 hobgoblins
  10 jackals
  A quokka (D:1)
  7 ball pythons
  3 bats
  2 frilled lizards
  A giant cockroach zombie (D:1)
  5 kobolds
  9 rats
81 creatures vanquished.

Vanquished Creatures (collateral kills)
  A scorpion (D:3)
  A bat (D:3)
  An endoplasm (D:3)
  A hobgoblin (D:3)
  A rat (D:3)
5 creatures vanquished.

Grand Total: 86 creatures vanquished

Notes
Turn   | Place    | Note
-------+----------+-------------------------------------------
     0 | D:1      | pokeman the Deep Elf Hedge Wizard began the quest for the
                  | Orb.
     0 | D:1      | Reached XP level 1. HP: 10/10 MP: 7/7
   229 | D:1      | Reached XP level 2. HP: 15/15 MP: 5/9
   932 | D:1      | Reached skill level 5 in Spellcasting
  1572 | D:2      | Reached XP level 3. HP: 20/20 MP: 2/11
  1646 | D:1      | Learned a level 3 spell: Mephitic Cloud
  1649 | D:1      | Learned a level 2 spell: Call Imp
  1652 | D:1      | Learned a level 2 spell: Blink
  1656 | D:1      | Learned a level 3 spell: Conjure Flame
  2044 | D:2      | Found Onex's Weapon Emporium.
  2094 | D:2      | Reached skill level 1 in Armour
  2106 | D:2      | Reached skill level 1 in Fighting
  2819 | D:2      | Reached XP level 4. HP: 23/25 MP: 4/13
  3829 | D:3      | Noticed a scorpion
  3888 | D:3      | Killed a scorpion
  3889 | D:3      | Reached skill level 6 in Spellcasting
  3889 | D:3      | Reached skill level 1 in Fire Magic
  3889 | D:3      | Reached XP level 5. HP: 5/29 MP: 0/15
  4349 | D:3      | Found a burning altar of Makhleb.
  4768 | D:4      | Noticed Grinder
  4885 | D:4      | Reached skill level 1 in Air Magic
  5045 | D:4      | Noticed Edmund
  5056 | D:4      | Noticed a lemure
  5070 | D:4      | Killed Edmund
  5071 | D:4      | Reached skill level 7 in Spellcasting
  5071 | D:4      | Reached skill level 1 in Poison Magic
  5071 | D:4      | Reached skill level 1 in Evocations
  5071 | D:4      | Reached XP level 6. HP: 10/34 MP: 13/18
  5072 | D:4      | Noticed Pikel
  5320 | D:4      | Paralysed by Grinder for 5 turns
  5350 | D:4      | Noticed Natasha
  5365 | D:4      | HP: 1/34 [white imp/puff of frost[Natasha] (5)]
  5365 | D:4      | Killed from afar by a white imp

Illustrated notes

Levels and vault maps discovered:
D:1:      saegor_arrival_fortress, layout_loops_ring
D:2:      layout_loops_ring, serial_shops, shop, grunt_decor_junction,
          minmay_worlds_worst_comb
D:3:      layout_rooms, old_standard_altar, amcnicky_mini_corridor_feature,
          corexii_shack
D:4:      layout_rooms, nrook_uturn, hangedman_decor_slide_cut, uniq_pikel,
          uniq_natasha, uniq_edmund, uniq_grinder

Skill      XL: |  1  2  3  4  5 |
---------------+----------------+-----
Spellcasting   | 5 6 7 |  7.0
Armour         | 1 |  1.0
Fighting       | 1 |  1.0
Conjurations   | 2 3 |  3.1
Dodging        | 3 |  3.0
Fire Magic     | 1 |  1.2
Stealth        | 3 |  3.0
Air Magic      | 1 |  1.0
Poison Magic   | 1 |  1.1
Evocations     | 1 |  1.0
Summonings     | |  1.1
Translocations | |  1.1

Action                   |  1- 3 |  4- 6 || total
-------------------------+-------+-------++-------
Melee: Staff             |    11 |    19 ||    30
 Cast: Magic Dart        |   132 |    98 ||   230
       Call Imp          |       |    10 ||    10
       Blink             |       |     4 ||     4
       Mephitic Cloud    |       |     3 ||     3
       Conjure Flame     |       |     5 ||     5
  Use: Potion            |       |     1 ||     1
 Stab: Sleeping          |     1 |       ||     1
       Confused          |       |     1 ||     1
Armor: Robe              |     1 |       ||     1
       Leather armour    |    17 |    12 ||    29
Dodge: Dodged            |    37 |    38 ||    75

Table legend: (Time is in decaauts)
 A = Elapsed time spent in this place.
 B = Non-inter-level travel time spent in this place.
 C = Inter-level travel time spent in this place.
 D = Time resting spent in this place.
 E = Time spent auto-exploring this place.
 F = Levels seen in this place.
 G = Mean time per level.
                   A        B        C        D        E       F      G
               +--------+--------+--------+--------+--------+-----+--------+
         Total |   5377 |   5247 |    130 |    950 |   3658 |   4 | 1344.2 |
       Dungeon |   5377 |   5247 |    130 |    950 |   3658 |   4 | 1344.2 |
               +--------+--------+--------+--------+--------+-----+--------+

Top non-repeatable levels by time:
     D:1: 1897 daAuts
     D:2: 1638 daAuts
     D:3: 1514 daAuts
     D:4: 327 daAuts
